 Dungeon Crawl Stone Soup version 0.25-a0-299-gced51cc (webtiles) character file.

Game seed: 3208698333307349295, levelgen mode: deterministic

119 Birdy the Digger (level 4, -1/36 HPs)
             Began as a Deep Dwarf Earth Elementalist on Dec 19, 2019.
             Killed by divine providence
             ... invoked by an orc priest
              (15 damage)
             ... on level 3 of the Dungeon.
             The game lasted 00:04:59 (1113 turns).

Birdy the Digger (Deep Dwarf Earth Elementalist)    Turns: 1113, Time: 00:05:00

Health: -1/36      AC:  5    Str: 11      XL:     4   Next: 74%
Magic:  1/8        EV: 12    Int: 15 (17) God:
Gold:   147        SH:  0    Dex: 12 (13) Spells: 8/9 levels left

rFire    . . .     SeeInvis .   f - +0 whip
rCold    . . .     Gourm    .   (no shield)
rNeg     . . .     Faith    .   c - +0 robe
rPois    .         Spirit   .   (no helmet)
rElec    .         Reflect  .   (no cloak)
rCorr    .         Harm     .   h - +2 pair of gloves
MR       .....                  (no boots)
Stlth    ++........             (no amulet)
HPRegen  0.00/turn              (no ring)
MPRegen  0.11/turn              (no ring)

@: non-regenerating
A: damage resistance, heal wounds, sense surroundings 1, no regeneration
a: Heal Wounds


You were on level 3 of the Dungeon.
You were very hungry.

You visited 1 branch of the dungeon, and saw 3 of its levels.

You collected 147 gold pieces.

Inventory:

Hand Weapons
 f - a +0 whip (weapon)
Missiles
 b - 41 stones (quivered)
Armour
 c - a +0 robe (worn)
 h - a +2 pair of gloves (worn)
Scrolls
 a - a scroll of immolation {unknown}
 e - 2 scrolls of teleportation
 g - a scroll of remove curse {unknown}
 i - a scroll of fear {unknown}
Comestibles
 d - 4 rations


   Skills:
 + Level 1.0 Armour
 - Level 2.1 Dodging
 - Level 2.4 Stealth
 + Level 3.0 Spellcasting
   Level 0.8 Transmutations
 * Level 5.9 Earth Magic


You had 8 spell levels left.
You knew the following spells:

 Your Spells              Type           Power        Failure   Level  Hunger
a - Sandblast             Erth           ###...       1%          1    #......

Your spell library contained the following spells:

 Spells                   Type           Power        Failure   Level  Hunger
 Passwall                 Tmut/Erth      ##......     8%          2    ##.....
 Stone Arrow              Conj/Erth      ##....       19%         3    ###....
 Lee's Rapid Deconstruct  Erth           ###.......   43%         5    ######.
 Petrify                  Tmut/Erth      ##......     45%         4    #####..


Dungeon Overview and Level Annotations

Branches:
Dungeon (3/15)

Altars:
Wu Jian


Innate Abilities, Weirdness & Mutations

You are resistant to damage.
You can heal yourself by infusing magical energy.
You passively map a small area around you.
You do not regenerate.


Message History

Confirm with . or Enter, or press ? or * to list all spells.
Aiming: Sandblast (safe; 1% risk of failure)
Press: ? - help, Shift-Dir - straight line, f/p - orc priest
Aim: an orc priest, wielding a -3 hand axe and wearing a +0 leather armour (severely wounded)
The blast of sand hits the orc priest but does no damage.
The orc priest is severely wounded.
b - 42 stones The orc priest mumbles some strange prayers to Beogh against you.
Beogh smites you!
Casting: Sandblast (safe; 1% risk of failure)
Confirm with . or Enter, or press ? or * to list all spells.
Aiming: Sandblast (safe; 1% risk of failure)
Press: ? - help, Shift-Dir - straight line, f/p - orc priest
Aim: an orc priest, wielding a -3 hand axe and wearing a +0 leather armour (severely wounded)
The blast of sand hits the orc priest.
The orc priest is severely wounded.
b - 41 stones The orc priest calls down the wrath of Beogh upon you.
Beogh smites you!
You die...

#######
......##
.....#
####.[#### *
* *
#.....<..# ,
.###.##.@##.#
..[....o.# #
* .#...[...#
.........# ,
* ##.....###
#$!...* ,
,.......* **
* * ###.### *
#.


You could see an orc priest.

Vanquished Creatures
  An orc wizard (D:3)
  Jessica (D:2)
  An adder (D:2)
  An ooze (D:1)
  A worm (D:2)
  3 dart slugs (D:1)
  A leopard gecko (D:2)
  2 orcs
  A giant cockroach (D:1)
  4 hobgoblins
  3 jackals (D:2)
  A quokka (D:2)
  A ball python (D:1)
  A bat (D:2)
  4 frilled lizards
  4 goblins
  7 kobolds
  5 rats
42 creatures vanquished.

Notes
Turn   | Place    | Note
-------+----------+-------------------------------------------
     0 | D:1      | Birdy the Deep Dwarf Earth Elementalist began the quest for
                  | the Orb.
     0 | D:1      | Reached XP level 1. HP: 15/15 MP: 3/3
   126 | D:1      | Reached XP level 2. HP: 11/22 MP: 1/5
   463 | D:1      | Reached XP level 3. HP: 7/28 MP: 0/6
   635 | D:2      | Found an ornate altar of the Wu Jian Council.
   640 | D:2      | Noticed Jessica
   643 | D:2      | Killed Jessica
   643 | D:2      | Reached skill level 5 in Earth Magic
   794 | D:2      | Reached XP level 4. HP: 32/36 MP: 5/8
  1025 | D:3      | Reached skill level 1 in Armour
  1113 | D:3      | Killed from afar by an orc priest

Levels and vault maps discovered:
D:1:      minmay_arrival_wavy_path, layout_rooms
D:2:      layout_rooms, nicolae_overflow_crystal_walls, uniq_jessica
D:3:      layout_loops_corners, old_standard_altar, first_ration,
          chequers_ecumenical_altar_simple, uniq_robin, uniq_grinder

Skill      XL: |  1  2  3  4 |
---------------+-------------+-----
Spellcasting   | 2 3 |  3.0
Earth Magic    | 5 |  5.9
Armour         | 1 |  1.0
Dodging        | |  2.1
Stealth        | |  2.4
Transmutations | |  0.8

Action                   |  1- 3 |  4- 6 || total
-------------------------+-------+-------++-------
Melee: Club              |    10 |       ||    10
       Whip              |       |     2 ||     2
 Cast: Sandblast         |    35 |    27 ||    62
  Use: Potion            |     2 |       ||     2
       Scroll            |     2 |       ||     2
Dodge: Dodged            |     7 |    10 ||    17

Table legend:
 A = Non-vault XP
 B = Vault XP
 C = Vault XP percentage of total XP
 D = Non-vault monster count
 E = Vault monster count
 F = Vault count percentage of total count
                 A         B        C        D         E       F
            +---------+---------+-------+---------+---------+-------
      Total |     134 |      37 |  21.6 |      41 |       1 |   2.4
            +---------+---------+-------+---------+---------+-------
        D:1 |      44 |       0 |   0.0 |      22 |       0 |   0.0
        D:2 |      45 |      37 |  45.1 |      17 |       1 |   5.6
        D:3 |      45 |       0 |   0.0 |       2 |       0 |   0.0
            +---------+---------+-------+---------+---------+-------
